AoeStats
← gilabertantonio17

Black Forest

507147255Analyzed
2v2 RM · 14d ago on Sep 16, 2026· 53m 12s· 4 players
Game mode
Random Map
Map size
Medium (4 player)
Population
200
Speed
Normal
Resources
Standard
Victory
Conquest
Starting age
Dark Age
Ending age
Imperial Age
RankedLock teamsTeams togetherTeam positionsShared explorationLock speedFull tech treeHidden civsTurbo modeCheats
Victory
Defeat
🇪🇸 Spanish · Spain
791
+16
🇪🇸 Spanish · Spain
743
+18
🇬🇧 Persians · United Kingdom
803
-18
🇨🇦 Britons · Canada
773
-16
gilabertantonio17
15:44 Feudal Age
17:54 Wheelbarrow
17:08 Double-Bit Axe
22:44 Castle Age
20:43 Fishing Lines
27:10 Hand Cart
26:42 Town Watch
27:50 Bow Saw
29:38 Fortified Wall
29:13 Pikeman
29:53 Squires
29:39 Arson
29:59 Horse Collar
30:48 Heavy Plow
31:48 Town Patrol
32:54 Ballistics
32:48 Gold Mining
33:23 Caravan
33:56 Stone Mining
34:55 Forging
35:11 Scale Mail Armor
35:13 Padded Archer Armor
35:03 Fletching
40:19 Imperial Age
37:45 Gillnets
38:37 Iron Casting
38:18 Chain Mail Armor
40:23 Husbandry
40:44 Bodkin Arrow
41:05 Leather Archer Armor
40:55 Scale Barding Armor
41:20 Conscription
42:22 Two-Man Saw
41:56 Plate Mail Armor
42:26 Blast Furnace
40:57 Cavalier
41:42 Elite Conquistador
43:47 Chemistry
44:02 Chain Barding Armor
43:43 Bracer
44:14 Ring Archer Armor
43:53 Halberdier
oomorfeoo
0:39 Loom
16:36 Feudal Age
17:23 Horse Collar
21:44 Double-Bit Axe
24:02 Wheelbarrow
26:35 Castle Age
27:28 Heavy Plow
29:12 Bow Saw
33:48 Stone Mining
36:38 Stone Shaft Mining
35:54 Gold Mining
38:47 Imperial Age
36:37 Hand Cart
38:37 Ballistics
38:45 Masonry
42:26 Chemistry
43:19 Two-Man Saw
42:30 Husbandry
43:28 Bombard Tower
44:18 Arrowslits
45:04 Architecture
44:42 Scale Barding Armor
44:38 Scale Mail Armor
44:26 Onager
45:11 Arson
45:26 Squires
44:47 Pikeman
47:32 Cavalier
50:51 Bloodlines
50:01 Light Cavalry
ᅚᅚ
1:03 Loom
16:20 Feudal Age
17:40 Double-Bit Axe
25:54 Castle Age
25:51 Stone Mining
26:00 Fletching
26:12 Padded Archer Armor
27:36 Bow Saw
26:53 Crossbowman
30:02 Bodkin Arrow
30:23 Leather Archer Armor
37:48 Ballistics
37:44 Gold Mining
40:58 Imperial Age
38:08 Elite Skirmisher
42:51 Chemistry
41:19 Elite Longbowman
42:23 Arbalester
44:51 Murder Holes
48:28 Elite Longbowman
hoaxkey
8:35 Loom
12:57 Feudal Age
13:24 Double-Bit Axe
21:29 Castle Age
31:25 Scale Barding Armor
31:31 Forging
32:41 Husbandry
38:50 Imperial Age
38:31 Cavalier
39:34 Caravan
40:12 Chain Barding Armor
39:51 Capped Ram
41:50 Horse Collar
42:17 Savar
Connection lost

Rejoining the realm…

Still unreachable

The connection could not be restored.

Session expired

The server has moved on; the page needs a fresh start.